 Dungeon Sprint DCSS version 0.31-a0-662-g684573625c (webtiles) character file.

Game seed: 5376150222629998733

1409 sircluck the Grappler (level 8, -10/93 HPs)
             Began as a Troll Berserker on Aug 31, 2023.
             Was a High Priest of Trog.
             Mangled by a two-headed ogre
             ... wielding a +0 giant club
              (19 damage)
             ... in the Dungeon (Sprint III: "The Ten Rune Challenge").
             The game lasted 00:01:13 (389 turns).

sircluck the Grappler (Troll Berserker)              Turns: 389, Time: 00:01:14

Health: -10/93     AC:  5    Str: 28    XL:     8   Next: 42%
Magic:  7/7        EV: 12    Int:  3    God:    Trog [*****.]
Gold:   53         SH:  0    Dex:  9    Spells: 7/7 levels left

rFire   . .          .
                       - Unarmed
rCold   . . .        (no shield)
rNeg    . . .        a - +0 animal skin
rPois   +            (helmet restricted)
rElec   .            (no cloak)
rCorr   .            (gloves unavailable)
SInv    .            (boots unavailable)
Will    .....        (no amulet)
Stlth   +            (no ring)
HPRegen 1.15/turn    (no ring)
MPRegen 0.10/turn

%: no teleportation
@: no status effects
A: large, unfitting armour, claws 3, regeneration 1, shaggy fur 2, tough skin 1,
poison resistance, sturdy frame 1
a: Renounce Religion, Berserk, Trog's Hand, Brothers in Arms


You were in the Dungeon.
You worshipped Trog.
Trog was extremely pleased with you.
You visited 1 branch You collected 53 gold pieces.

Inventory:

Missiles
 h - 2 stones
Armour
 a - a +0 animal skin (worn)
Wands
 n - a wand of mindburst (5)
Scrolls
 g - a scroll of blinking
 j - a scroll of poison {unknown}
 k - 3 scrolls of identify
 m - a scroll of immolation {unknown}
Potions
 b - 2 potions of curing
 c - a potion of heal wounds
 d - a potion of haste
 e - 2 potions of magic
 f - a potion of berserk rage
 i - 5 potions of mutation
 l - 2 potions of enlightenment {unknown}
Miscellaneous
 o - a phantom mirror


   Skills:
 + Level 9.7 Fighting
 + Level 9.5 Dodging
 + Level 11.3 Unarmed Combat


You had 7 spell levels left.
You didn't know any spells.
Your spell library was empty.

Dungeon Overview and Level Annotations

Branches:
Dungeon (1/1)

Altars:
Cheibriados
Dithmenos
Elyvilon
Fedhas
Gozag
Hepliaklqana
Kikubaaqudgha
Makhleb
Nemelex Xobeh
Okawaru
Qazlal
Ru
Sif Muna
Trog
Uskayaw
Vehumet
Wu Jian
Xom
Yredelemnul
Zin
The Shining One
Jiyva
Lugonu


Innate Abilities, Weirdness & Mutations

You are too large for most types of armour.
You have claws for hands.
Your natural rate of healing is unusually fast.
You are covered in thick fur. (AC +2)
You have tough skin. (AC +1)
Your system is resistant to poisons. (rPois)
Your movements are slightly less encumbered by armour. (ER -2)


Message History

You mangle the two-headed ogre!!
You kill the two-headed ogre!
Trog accepts your kill. Trog grants you a weapon!
Something appears at your feet!
You see here a +4 executioner's axe of flaming.
No target in view!
A two-headed ogre comes into view. It is wielding two +0 giant clubs.
The two-headed ogre shouts in stereo!
Items here: )))) †.
You mangle the two-headed ogre!!
The two-headed ogre is severely wounded.
You claw the two-headed ogre!
You kill the two-headed ogre!
Trog accepts your kill.
A two-headed ogre comes into view. It is wielding two +0 giant clubs.
The two-headed ogre shouts in stereo!
You barely miss the two-headed ogre.
The two-headed ogre hits you with a +0 giant club!
The two-headed ogre hits you with a +0 giant club.
You mangle the two-headed ogre!!
The two-headed ogre is moderately wounded.
You mangle the two-headed ogre!!
The two-headed ogre is severely wounded.
The two-headed ogre hits you with a +0 giant club!
The two-headed ogre barely misses you.
You scratch the two-headed ogre but do no damage.
The two-headed ogre is severely wounded.
You barely miss the two-headed ogre.
The two-headed ogre is severely wounded.
The two-headed ogre hits you with a +0 giant club!!
* * * LOW HITPOINT WARNING * * *
The two-headed ogre hits you with a +0 giant club!!
* * * LOW HITPOINT WARNING * * *
You barely miss the two-headed ogre.
The two-headed ogre is severely wounded.
You scratch the two-headed ogre.
The two-headed ogre is almost dead.
The two-headed ogre hits you with a +0 giant club!!
You die...

'#'###)## .)......#
........# .######'#
.#__#...#+###########
.#__#...#....#.#.#..
##__#...##.#).#.# .#
:#__#...'##)#)#.##.#
_#__'...#...#..#@O#
▓▓▓▓▓▓▓▓▓▓▓▓▓▓▓▓▓▓▓


You could see a two-headed ogre.

Vanquished Creatures
  A deep elf pyromancer (D)
  A shadow (D)
  A spatial vortex (D)
  3 two-headed ogres (D)
  A water elemental (D)
  A necrophage (D)
  A jelly (D)
  A wizard (D)
  A necromancer (D)
  A kobold demonologist (D)
  3 humans (D)
  A wolf (D)
  An endoplasm (D)
  3 rats (D)
20 creatures vanquished.

Notes
Turn   | Place    | Note
-------+----------+-------------------------------------------
     0 | D        | sircluck the Troll Berserker began the quest for the Orb.
     0 | D        | Reached XP level 1. HP: 22/22 MP: 0/0
    12 | D        | Reached ** piety under Trog
    38 | D        | Reached skill level 4 in Unarmed Combat
    38 | D        | Reached XP level 2. HP: 17/31 MP: 1/1
    73 | D        | Reached XP level 3. HP: 18/39 MP: 2/2
   109 | D        | Gained mutation: Your system is resistant to poisons.
                  | (rPois) [potion of mutation]
   109 | D        | Gained mutation: You are covered in thick fur. (AC +2)
                  | [potion of mutation]
   109 | D        | Gained mutation: Your movements are slightly less
                  | encumbered by armour. (ER -2) [potion of mutation]
   123 | D        | Noticed a water elemental
   128 | D        | Killed a water elemental
   128 | D        | Reached *** piety under Trog
   129 | D        | Reached skill level 5 in Unarmed Combat
   129 | D        | Reached XP level 4. HP: 49/49 MP: 3/3
   179 | D        | Found a basalt altar of Yredelemnul.
   179 | D        | Found a shadowy altar of Dithmenos.
   179 | D        | Found a sacrificial altar of Ru.
   179 | D        | Noticed a necrophage
   183 | D        | Reached skill level 5 in Fighting
   183 | D        | Reached skill level 5 in Dodging
   183 | D        | Reached skill level 6 in Unarmed Combat
   185 | D        | Killed a necrophage
   186 | D        | Reached skill level 7 in Unarmed Combat
   186 | D        | Reached XP level 5. HP: 59/59 MP: 4/4
   205 | D        | Found a radiant altar of Vehumet.
   205 | D        | Found a shimmering blue altar of Sif Muna.
   205 | D        | Found an ancient bone altar of Kikubaaqudgha.
   208 | D        | Reached **** piety under Trog
   226 | D        | Found a hide-covered altar of Uskayaw.
   226 | D        | Found an iron altar of Okawaru.
   226 | D        | Found a bloodstained altar of Trog.
   226 | D        | Found an ornate altar of the Wu Jian Council.
   226 | D        | Noticed a human
   227 | D        | Noticed a human
   234 | D        | Killed a human
   235 | D        | Reached skill level 8 in Unarmed Combat
   235 | D        | Reached XP level 6. HP: 71/71 MP: 5/5
   238 | D        | Killed a human
   238 | D        | Reached ***** piety under Trog
   239 | D        | Reached skill level 9 in Unarmed Combat
   276 | D        | Found a glowing silver altar of Zin.
   276 | D        | Found a glowing golden altar of the Shining One.
   276 | D        | Found a white marble altar of Elyvilon.
   276 | D        | Noticed a deep elf pyromancer
   280 | D        | Killed a deep elf pyromancer
   281 | D        | Reached skill level 10 in Unarmed Combat
   281 | D        | Reached XP level 7. HP: 73/81 MP: 6/6
   312 | D        | Noticed a shadow
   317 | D        | Killed a shadow
   318 | D        | Reached XP level 8. HP: 85/92 MP: 7/7
   327 | D        | Found a blossoming altar of Fedhas.
   327 | D        | Found a stormy altar of Qazlal.
   327 | D        | Found a snail-covered altar of Cheibriados.
   327 | D        | Found a burning altar of Makhleb.
   327 | D        | Found a shimmering altar of Xom.
   328 | D        | Found a hazy altar of Hepliaklqana.
   328 | D        | Found an opulent altar of Gozag.
   328 | D        | Found a sparkling altar of Nemelex Xobeh.
   328 | D        | Found a corrupted altar of Lugonu.
   328 | D        | Found a viscous altar of Jiyva.
   370 | D        | Reached skill level 11 in Unarmed Combat
   371 | D        | Received a gift from Trog
   380 | D        | Noticed a two-headed ogre
   389 | D        | Mangled by a two-headed ogre

Illustrated notes

Levels and vault maps discovered:
D:        dungeon_sprint_mu [sprint_mu_entry_forest, sprint_mu_temple_rooms,
          sprint_mu_d1_spiders, sprint_mu_d2_genie, sprint_mu_d3_branching,
          sprint_mu_orc_legion, sprint_mu_elf_gauntlet, sprint_mu_hive_nellie,
          sprint_mu_lair_fedhas, sprint_mu_vaults_butterflies,
          sprint_mu_slime_circle, sprint_mu_shoals_archi,
          sprint_mu_snake_twists, sprint_mu_blade_basic,
          sprint_mu_crypt_fortress, sprint_mu_tomb_spiral,
          sprint_mu_vestibule_basic, sprint_mu_gehenna_hellfire,
          sprint_mu_dis_giant, sprint_mu_tartarus_statrot,
          sprint_mu_cocytus_islands, sprint_mu_zot1]

Skill      XL: |  1  2  3  4  5  6  7  8 |
---------------+-------------------------+-----
Fighting       | 3 4 5 7 8 9 |  9.7
Dodging        | 3 4 5 7 8 9 |  9.5
Unarmed Combat | 4 5 7 8 10 11 | 11.3

Action                     |  1- 3 |  4- 6 |  7- 9 || total
---------------------------+-------+-------+-------++-------
  Melee: Unarmed           |    25 |    25 |    25 ||    75
         Punch             |     1 |     2 |     1 ||     4
 Invoke: Berserk           |     1 |     1 |       ||     2
    Use: Potion            |     1 |       |       ||     1
   Stab: Sleeping          |     1 |       |       ||     1
 Armour: Animal skin       |    13 |    14 |    12 ||    39
  Dodge: Dodged            |     9 |     7 |     4 ||    20

Table legend: (Time is in decaauts)
 A = Elapsed time spent in this place.
 B = Non-inter-level travel time spent in this place.
 C = Inter-level travel time spent in this place.
 D = Time resting spent in this place.
 E = Time spent auto-exploring this place.
 F = Levels seen in this place.
 G = Mean time per level.
                   A        B        C        D        E       F      G
               +--------+--------+--------+--------+--------+-----+--------+
         Total |    398 |    385 |     13 |     87 |    122 |   1 |  398.0 |
       Dungeon |    398 |    385 |     13 |     87 |    122 |   1 |  398.0 |
               +--------+--------+--------+--------+--------+-----+--------+

Top non-repeatable levels by time:
       D: 398 daAuts
